cohdb
Replays
Latest Replays
All Replays
Popular Replays
Top Player Replays
Match Explorer
How It Works
Community
CoH3 Stats
Reddit
Sign in to upload your games and track your stats! →
Sign in with Steam
Match 45313571
Unlisted
Match 45313571
Overview
Messages
Build Orders
End
Selects Italian Coastal Battlegroup
Selects Coastal Reserves
Coastal Reserve
Construct Infanterie Kompanie
Coastal Reserve
MG 42 Machine Gun Team
MG 42 Bunker
Construct Panzergrenadier Kompanie
MG 42 Bunker
Selects Support Bunkers
Support Elements
MG 42 Bunker
Nebelwerfer 42 Rocket Launcher Team
Selects Rapid Fortifications
Rapid Fortifications
MG 42 Bunker
MG 42 Bunker
Nebelwerfer 42 Rocket Launcher Team
Rapid Fortifications
MG 42 Bunker
Construct Panzer Kompanie
Rapid Fortifications
Medical Bunker
Selects Bulwark
Selects Artillery Officer
Artillery Officer
Panzer IV Medium Tank
Rapid Fortifications
MG 42 Bunker
Side Skirts
Rapid Fortifications
Anti-tank Bunker
Panzer IV Medium Tank
Pioneer Squad
Panzer IV Medium Tank
Panzer Officer Quarters
Selects Obice da 210/22 Artillery Emplacement
Selects Coastal Wall
Pioneer Squad
Rapid Fortifications
MG 42 Bunker
Medical Bunker
MG 42 Bunker
Repair Bunker
Panzer IV Medium Tank
Rapid Fortifications
MG 42 Bunker
MG 42 Bunker
MG 42 Bunker
MG 42 Bunker
DonHurensohn
尤格索托斯家的蛋包饭
Abeli
pekinator
lowbudgetgangsta
Pacca
Stripkip
朴成性
0
0
Comments
sign in to comment!
No comments posted yet!